 Dungeon Crawl Stone Soup version 0.26-a0-639-g72c4674329 (webtiles) character file.

Game seed: 3703665558518320365

100 Apogee the Chucker (level 4, -7/44 HPs)
             Began as a Troll Hunter on Sept 24, 2020.
             Engulfed by a cloud of flame (20 damage)
             ... on level 3 of the Dungeon.
             The game lasted 00:02:10 (1396 turns).

Apogee the Chucker (Troll Hunter)                   Turns: 1396, Time: 00:02:11

Health: -7/44      AC:  6    Str: 20    XL:     4   Next: 46%
Magic:  3/3        EV: 10    Int:  8    God:
Gold:   111        SH:  0    Dex: 10    Spells: 3/3 levels left

rFire    . . .     SeeInvis .     - Unarmed
rCold    . . .     Faith    .   (no shield)
rNeg     . . .     Spirit   .   b - +0 robe
rPois    .         Reflect  .   (helmet restricted)
rElec    .         Harm     .   (no cloak)
rCorr    .         Rampage  .   (gloves unavailable)
MR       .....                  (boots unavailable)
Stlth    +.........             (no amulet)
HPRegen  0.54/turn              (no ring)
MPRegen  0.08/turn              (no ring)

@: no status effects
A: large, unfitting armour, claws 3, regeneration 1, shaggy fur 1, tough skin 3
a: no special abilities


You were on level 3 of the Dungeon.
You visited 1 branch of the dungeon, and saw 3 of its levels.

You collected 111 gold pieces.

Inventory:

Hand Weapons
 a - a +0 short sword
Missiles
 c - 5 large rocks (quivered)
 d - 2 throwing nets {!f}
 f - 80 stones
Armour
 b - a +0 robe (worn)
Scrolls
 e - 3 scrolls of teleportation {unknown}
 g - a scroll of remove curse {unknown}
 i - 3 scrolls of identify {unknown}
 j - a scroll of enchant armour {unknown}
 l - a scroll of fear {unknown}
 n - a scroll of blinking {unknown}
Potions
 h - a potion of berserk rage {unknown}
 k - 2 potions of stabbing {unknown}
 m - a potion of brilliance {unknown}


   Skills:
 * Level 2.7 Fighting
 + Level 4.0 Throwing
 - Level 1.5 Dodging
 - Level 0.3 Stealth
 * Level 2.4 Unarmed Combat


You had 3 spell levels left.
You didn't know any spells.
Your spell library was empty.

Dungeon Overview and Level Annotations

Branches:
Dungeon (3/15)

Altars:


Innate Abilities, Weirdness & Mutations

You are too large for most types of armour.
You have claws for hands.
Your natural rate of healing is unusually fast.
You are covered in fur. (AC +1)
You have extremely tough skin. (AC +3)


Message History

No target in view!
You feel sick.
You are no longer poisoned.
Found a runed dagger.
No target in view!
An adder comes into view.
The adder hisses angrily.
You claw the adder! The adder bites you.
You claw the adder!
You kill the adder!
No target in view!
You see here an adder corpse.
You see here an adder corpse.
A bat comes into view.
The hobgoblin shouts!
The bat moves out of view.
Found 10 gold pieces.
A hobgoblin is nearby!
A hobgoblin is nearby!
Really walk into a travel-excluded area?
You are engulfed in blazing flames.
You are engulfed in blazing flames.
* * * LOW HITPOINT WARNING * * *
You are engulfed in blazing flames.
* * * LOW HITPOINT WARNING * * *
The bat hits you but does no damage.
The hobgoblin hits you but does no damage.
The bat barely misses you. The hobgoblin completely misses you.
Unknown command.
The bat misses you.
The hobgoblin hits you but does no damage.
You barely miss the hobgoblin. The bat closely misses you.
The hobgoblin hits you but does no damage.
You scratch the hobgoblin.
You kill the hobgoblin!
The bat barely misses you.
You scratch the bat.
You kill the bat!
You now have 72 gold pieces (gained 3).
You now have 83 gold pieces (gained 11).
You now have 94 gold pieces (gained 11).
You now have 101 gold pieces (gained 7).
You now have 111 gold pieces (gained 10).
You start resting.
Really walk into a travel-excluded area?
You are engulfed in blazing flames.
You are engulfed in blazing flames.
* * * LOW HITPOINT WARNING * * *
You are engulfed in blazing flames.
You die...

#
#..#..#.#..#.#..#
#
#..#..#...<..#..#
####
#..#..########..#
...#
#.)#............#
...#
#..#.##########.#
...#
#.............#.#
...#
##.#..#######.#.#
...# ###...#
#..#.#
...#########
#@☼§# ####.#
...........#
#§§☼# #....#
#.########.#
#§§§# ###### #.#
#.#####...######
#.#
#..§§☼.....§§○.#
..#
#..°§§.....§§§.#
###
##.§§§.....§○§.#
######...######
#○§☼#


There were no monsters in sight!

Vanquished Creatures
  3 adders (D:3)
  An ooze (D:3)
  A dart slug (D:1)
  2 leopard geckos (D:1)
  7 orcs (D:3)
  A ball python (D:3)
  4 giant cockroaches
  9 goblins
  5 hobgoblins
  3 kobolds
  A quokka (D:3)
  7 bats
  4 frilled lizards
  5 rats
53 creatures vanquished.

Notes
Turn   | Place    | Note
-------+----------+-------------------------------------------
     0 | D:1      | Apogee the Troll Hunter began the quest for the Orb.
     0 | D:1      | Reached XP level 1. HP: 19/19 MP: 0/0
   196 | D:1      | Reached skill level 1 in Unarmed Combat
   196 | D:1      | Reached XP level 2. HP: 28/28 MP: 1/1
   538 | D:2      | You fall into a shaft and drop 1 floor!
   564 | D:3      | Reached XP level 3. HP: 24/35 MP: 2/2
  1097 | D:3      | Reached XP level 4. HP: 44/44 MP: 3/3
  1105 | D:3      | Reached skill level 4 in Throwing
  1396 | D:3      | Engulfed by a cloud of flame

Illustrated notes

Levels and vault maps discovered:
D:1:      dpeg_arrival_simpleton_a, layout_basic, chequers_serial_rivers_large_a
D:2:      layout_basic, small_statue_intersection, minmay_misc_feat_iff,
          lemuel_altar_in_water
D:3:      layout_basic, lemuel_flame_loot_1

Skill      XL: |  1  2  3  4 |
---------------+-------------+-----
Unarmed Combat | 1 2 |  2.4
Fighting       | 2 |  2.7
Throwing       | 4 |  4.0
Dodging        | |  1.5
Stealth        | |  0.3

Action                   |  1- 3 |  4- 6 || total
-------------------------+-------+-------++-------
Melee: Unarmed           |   113 |    24 ||   137
Armor: Robe              |    50 |     8 ||    58
Dodge: Dodged            |    72 |    17 ||    89

Table legend: (Time is in decaauts)
 A = Elapsed time spent in this place.
 B = Non-inter-level travel time spent in this place.
 C = Inter-level travel time spent in this place.
 D = Time resting spent in this place.
 E = Time spent auto-exploring this place.
 F = Levels seen in this place.
 G = Mean time per level.
                   A        B        C        D        E       F      G
               +--------+--------+--------+--------+--------+-----+--------+
         Total |   1405 |   1362 |     43 |     82 |    943 |   3 |  468.3 |
       Dungeon |   1405 |   1362 |     43 |     82 |    943 |   3 |  468.3 |
               +--------+--------+--------+--------+--------+-----+--------+

Top non-repeatable levels by time:
     D:3: 854 daAuts
     D:1: 545 daAuts
     D:2: 5 daAuts
